 Dungeon Crawl Stone Soup version 0.22.1-6-g1668fe2c40 (webtiles) character file.

478 NochnoyZador the Cudgeler (level 7, 0/41 HPs)
             Began as a Gargoyle Fighter on Jan 20, 2019.
             Was a Follower of Okawaru.
             Slain by Erica
             ... wielding a +2 scimitar of flaming
              (6 damage)
             ... on level 8 of the Dungeon.
             The game lasted 00:14:01 (4335 turns).

NochnoyZador the Cudgeler (Gargoyle Fighter)        Turns: 4335, Time: 00:14:02

Health: 0/41       AC: 14    Str: 24    XL:     7   Next: 11%
Magic:  16/16      EV:  7    Int:  9    God:    Okawaru [*.....]
Gold:   183        SH:  9    Dex:  9    Spells: 6/6 levels left

rFire    . . .     SeeInvis .   a - +0 flail
rCold    . . .     Gourm    .   c - +0 shield
rNeg     + + .     Faith    .   s - +0 scale mail {rN+}
rPois    ∞         Spirit   .   g - -2 helmet (curse)
rElec    +         Reflect  .   (no cloak)
rCorr    .         Harm     .   p - +2 pair of gloves {Str+3}
MR       .....                  (no boots)
Stlth    +.........             (no amulet)
HPRegen  0.13/turn              k - ring of stealth
MPRegen  0.15/turn              B - ring of magical power

@: no status effects
A: negative energy resistance 1, electricity resistance, unbreathing,
petrification resistance, rot immunity, AC +4
a: Heroism, Renounce Religion


You were on level 8 of the Dungeon.
You worshipped Okawaru.
Okawaru was aware of your devotion.
You were not hungry.

You visited 2 branches of the dungeon, and saw 7 of its levels.

You collected 183 gold pieces.

Inventory:

Hand Weapons
 a - a +0 flail (weapon)
Missiles
 e - 170 stones (quivered)
 u - 17 sling bullets
Armour
 c - a +0 shield (worn)
 g - a cursed -2 helmet (worn)
 p - a +2 pair of gloves of strength (worn)
 s - a +0 scale mail of positive energy (worn)
Jewellery
 k - a ring of stealth (left hand)
 B - a ring of magical power (right hand)
Scrolls
 h - 2 scrolls of amnesia
 j - 2 scrolls of fear
 l - 2 scrolls of identify {unknown}
 m - a scroll of immolation {unknown}
 o - a scroll of noise {unknown}
 r - a scroll of enchant armour {unknown}
 t - a scroll of fog {unknown}
 v - 2 scrolls of remove curse {unknown}
 w - a scroll of enchant weapon {unknown}
 y - a scroll of magic mapping {unknown}
 A - a scroll of teleportation {unknown}
Potions
 b - a potion of berserk rage {unknown}
 d - a potion of might
 i - 3 potions of curing {unknown}
 n - a potion of heal wounds {unknown}
 q - a potion of lignification {unknown}
 x - a potion of invisibility {unknown}
 z - a potion of haste
Comestibles
 f - 9 rations


   Skills:
 * Level 3.3 Fighting
 * Level 7.4 Maces & Flails
 * Level 3.3 Armour
 * Level 3.3 Shields


You had 6 spell levels left.
You didn't know any spells.
Your spell library was empty.

Dungeon Overview and Level Annotations

Branches:
Dungeon (5/15)             Temple (1/1) D:4

Altars:
Ashenzari
Cheibriados
Dithmenos
Elyvilon
Fedhas
Gozag
Hepliaklqana
Kikubaaqudgha
Makhleb
Nemelex Xobeh
Okawaru
Qazlal
Ru
Sif Muna
Trog
Uskayaw
Vehumet
Wu Jian
Xom
Yredelemnul
Zin
The Shining One

Shops:
D:4 %

Annotations:
D:8 Erica


Innate Abilities, Weirdness & Mutations

You are resistant to torment.
Your stone body is resilient. (AC +4)
You are immune to poison.
You resist negative energy. (rN+)
You are resistant to electric shocks. (rElec)
You can survive without breathing.
You are immune to petrification.
You are immune to rotting.


Message History

Erica is heavily wounded.
Erica hits you with a scimitar of flaming.
* * * LOW HITPOINT WARNING * * *
Erica burns you.
* * * LOW HITPOINT WARNING * * *
You closely miss Erica.
Erica is heavily wounded.
Erica points at you and mumbles some strange words.
The orb of energy misses you.
The orb of energy explodes!
Erica hits you with a scimitar of flaming.
* * * LOW HITPOINT WARNING * * *
Erica burns you.
* * * LOW HITPOINT WARNING * * *
You closely miss Erica.
Erica is heavily wounded.
You block Erica's attack.
Your shield and scale mail prevent you from hitting Erica.
Erica is heavily wounded.
Erica hits you with a scimitar of flaming.
You die...

... ... .....#
... ....# #.#
....## #..#
.....# #...##
#.##.#
#...###.##.#
#.#@%#.?##.#
#..@....##.###
###..........####
###..###.#....#
#..###..###.[...
#........# ###.
#.######.#### #.#
#....#### ..#
#.##.....
#..#.....


You could see Erica.

Vanquished Creatures
  A centaur (D:5)
  2 scorpions (D:4)
  An orc priest (D:2)
  Jessica (D:3)
  2 worker ants
  A killer bee zombie (D:8)
  A hound zombie (D:8)
  3 gnolls (D:4)
  5 adders
  2 oozes (D:2)
  A worm (D:3)
  3 dart slugs
  A leopard gecko (D:3)
  4 orcs
  10 bats
  A giant cockroach (D:3)
  4 goblins
  6 hobgoblins
  6 jackals
  8 kobolds
  A quokka (D:4)
  8 frilled lizards
  A quokka skeleton (D:4)
  7 rats
  A spectral orc (D:2)
81 creatures vanquished.

Notes
Turn   | Place    | Note
-------+----------+-------------------------------------------
     0 | D:1      | NochnoyZador the Gargoyle Fighter began the quest for the
                  | Orb.
     0 | D:1      | Reached XP level 1. HP: 14/14 MP: 1/1
    83 | D:1      | Reached XP level 2. HP: 6/19 MP: 2/2
   214 | D:1      | Reached skill level 3 in Maces & Flails
   533 | D:1      | Reached XP level 3. HP: 23/23 MP: 3/3
  1526 | D:2      | Found a basalt altar of Yredelemnul.
  1693 | D:2      | Reached skill level 4 in Maces & Flails
  1831 | D:2      | Reached XP level 4. HP: 23/28 MP: 4/4
  1953 | D:2      | Found a basalt altar of Yredelemnul.
  2230 | D:3      | Reached skill level 5 in Maces & Flails
  2244 | D:3      | Reached XP level 5. HP: 32/32 MP: 5/5
  2247 | D:3      | Noticed Jessica
  2263 | D:3      | Killed Jessica
  2300 | D:3      | Found an iron altar of Okawaru.
  2542 | D:3      | Found a shattered altar of Ashenzari.
  2545 | D:3      | Found a sparkling altar of Nemelex Xobeh.
  2545 | D:3      | Found a burning altar of Makhleb.
  2545 | D:3      | Found a bloodstained altar of Trog.
  2545 | D:3      | Found a glowing silver altar of Zin.
  2546 | D:3      | Found a deep blue altar of Sif Muna.
  2547 | D:3      | Found a snail-covered altar of Cheibriados.
  2548 | D:3      | Found an ancient bone altar of Kikubaaqudgha.
  2562 | D:3      | Became a worshipper of Warmaster Okawaru
  3339 | D:4      | Found a stormy altar of Qazlal.
  3353 | D:4      | Reached skill level 6 in Maces & Flails
  3387 | D:4      | Reached XP level 6. HP: 37/37 MP: 6/6
  3553 | D:4      | Found a staircase to the Ecumenical Temple.
  3563 | Temple   | Entered the Ecumenical Temple
  3840 | D:4      | Found Toxt's Food Emporium.
  3985 | D:4      | Found a glowing golden altar of the Shining One.
  4136 | D:5      | Entered Level 5 of the Dungeon
  4156 | D:5      | Reached skill level 7 in Maces & Flails
  4156 | D:5      | Reached XP level 7. HP: 41/41 MP: 7/7
  4176 | D:5      | You fall through a shaft for 3 floors!
  4313 | D:8      | Reached * piety under Okawaru
  4317 | D:8      | Noticed Erica
  4335 | D:8      | Slain by Erica

Skill      XL: |  1  2  3  4  5  6 |
---------------+-------------------+-----
Maces & Flails | 3 4 5 6 7 |  7.4
Fighting       | |  3.3
Armour         | |  3.3
Shields        | |  3.3

Action                   |  1- 3 |  4- 6 |  7- 9 || total
-------------------------+-------+-------+-------++-------
Melee: Flail             |   193 |   226 |    38 ||   457
  Use: Scroll            |       |     2 |       ||     2
  Eat: Chunk             |     3 |     6 |       ||     9
       Ration            |       |     1 |       ||     1
Armor: Scale mail        |   158 |   130 |    17 ||   305
Dodge: Dodged            |    91 |    60 |    17 ||   168
Block: Shield            |   112 |    94 |    24 ||   230
